 Dungeon Crawl Stone Soup version 0.21.1-1-g345015f (webtiles) character file.

2062 Fang the Twirler (level 9, -8/55 HPs)
             Began as a Gargoyle Berserker on Apr 26, 2018.
             Was an Elder of Trog.
             Splashed by a jelly's acid (9 damage)
             ... on level 6 of the Dungeon.
             The game lasted 00:19:02 (6115 turns).

Fang the Twirler (Gargoyle Berserker)               Turns: 6115, Time: 00:19:04

Health: -8/55      AC: -1    Str: 29    XL:     9   Next: 25%
Magic:  9/9        EV: 13    Int:  9    God:    Trog [****..]
Gold:   292        SH:  0    Dex:  9    Spells: 8/8 levels left

rFire    . . .     SeeInvis .   m - +2 quarterstaff (chaos)
rCold    . . .     Gourm    .   (shield currently unavailable)
rNeg     + . .     Faith    .   b - +2 animal skin
rPois    ∞         Spirit   .   (no helmet)
rElec    +         Reflect  .   (no cloak)
rCorr    .         Harm     .   (no gloves)
MR       .....                  (no boots)
Stlth    +++.......             (no amulet)
HPRegen  0.18/turn              n - ring of stealth
MPRegen  0.11/turn              r - +6 ring of strength

@: corroded, berserk cooldown, starving, slowed, very slow
A: negative energy resistance 1, electricity resistance, unbreathing,
petrification resistance, rot immunity, AC +6
a: Berserk, Trog's Hand, Brothers in Arms, Burn Spellbooks, Renounce Religion


You were on level 6 of the Dungeon.
You worshipped Trog.
Trog was greatly pleased with you.
You were starving.

You visited 1 branch of the dungeon, and saw 6 of its levels.
You also visited: Ossuary.

You collected 292 gold pieces.

Inventory:

Hand Weapons
 m - a +2 quarterstaff of chaos (weapon)
 o - a +0 hand axe of chopping
 t - a +0 whip of freezing
Armour
 b - a +2 animal skin (worn)
Jewellery
 n - a ring of stealth (left hand)
 r - a +6 ring of strength (right hand)
Wands
 a - a wand of acid (7)
 s - a wand of flame (26)
Scrolls
 d - 3 scrolls of identify
 f - 5 scrolls of teleportation
 g - 2 scrolls of enchant armour
 l - a scroll of fog
 w - 3 scrolls of blinking
Potions
 e - 5 potions of curing
 h - a potion of agility
 i - 2 potions of invisibility
 j - 2 potions of ambrosia
 k - 2 potions of resistance
 p - 5 potions of heal wounds
 q - 2 potions of mutation
 u - 2 potions of berserk rage
 v - 2 potions of flight
Comestibles
 c - 6 rations


   Skills:
 + Level 6.2 Fighting
 + Level 5.6 Axes
 + Level 7.2 Staves
 + Level 2.4 Armour
 + Level 4.3 Dodging
 + Level 3.2 Stealth


You had 8 spell levels left.
You didn't know any spells.

Dungeon Overview and Level Annotations

Branches:
Dungeon (6/15)             Temple (0/1) D:4

Altars:
Vehumet

Shops:
D:4 =


Innate Abilities, Weirdness & Mutations

You are resistant to torment.
Your stone body is resilient. (AC +6)
You are immune to poison.
You resist negative energy. (rN+)
You are resistant to electric shocks. (rElec)
You can survive without breathing.
You are immune to petrification.
You are immune to rotting.


Message History

The crimson imp barely misses you.
You hit the jelly.
Your hands burn!
The jelly is moderately wounded.
The jelly hits you. The acid corrodes you!
You are splashed with acid!
The acid burns!
The crimson imp hits you.
* * * LOW HITPOINT WARNING * * *
You hit the jelly. You freeze the jelly.
Your hands burn!
* * * LOW HITPOINT WARNING * * *
The jelly is severely wounded.
The crimson imp hits you.
* * * LOW HITPOINT WARNING * * *
The jelly hits you but does no damage.
You hit the jelly but do no damage.
The jelly flickers and vanishes!
Deactivating autopickup; reactivate with Ctrl-A.
Your hands burn!
* * * LOW HITPOINT WARNING * * *
The crimson imp barely misses you. Something hits you.
* * * LOW HITPOINT WARNING * * *
The acid corrodes you!
You are splashed with acid!
The acid burns!
You die...

....... .......
.......##
........#
........#######
..........Y...
........#..#
#.#){@###
#.#.5##.##
#...##..^##
#..##....^#
#.#####'#####..
#.............#
#.#.#.[.#######
#.#.#.#.#
#.#(#.#.#


You could see an ice beast (confused) and a crimson imp.

Vanquished Creatures
  Pikel (D:5)
  The ghost of richr the Skirmisher, a novice GnAK of Lugonu (D:4)
  Sigmund (D:6)
  An ice beast (D:5)
  A slave (D:5)
  A phantom (D:5)
  A centaur (D:6)
  A crimson imp (D:5)
  2 jellies (D:5)
  A human zombie (Ossuary)
  An orc priest (D:4)
  2 hounds (D:4)
  2 orc wizards (D:3)
  A bullfrog skeleton (D:4)
  Crazy Yiuf (D:3)
  Natasha (thrice) (D:2)
  An iguana (D:4)
  4 worker ants
  3 big kobold zombies (Ossuary)
  2 hound zombies (Ossuary)
  5 mummies
  Robin (D:1)
  A gnoll (D:1)
  7 adders
  3 oozes
  3 adder zombies
  3 worms
  7 dart slugs
  5 leopard geckos
  13 orcs
  8 bats
  8 giant cockroaches
  13 goblins
  10 hobgoblins
  4 jackals (D:1)
  7 kobolds
  2 quokkas
  2 ball pythons
  5 frilled lizards
  A gnoll zombie (Ossuary)
  A goblin zombie (Ossuary)
  A jackal zombie (Ossuary)
  5 rats
  A rat zombie (Ossuary)
147 creatures vanquished.

Vanquished Creatures (others)
  5 toadstools (D:1)
5 creatures vanquished.

Grand Total: 152 creatures vanquished

Notes
Turn   | Place    | Note
-------+----------+-------------------------------------------
     0 | D:1      | Fang the Gargoyle Berserker began the quest for the Orb.
     0 | D:1      | Reached XP level 1. HP: 14/14 MP: 1/1
   219 | D:1      | Reached XP level 2. HP: 16/19 MP: 2/2
   301 | D:1      | Reached XP level 3. HP: 23/23 MP: 3/3
   982 | D:2      | Noticed Robin
  1119 | D:1      | Killed Robin
  1119 | D:1      | Reached XP level 4. HP: 29/29 MP: 4/4
  1235 | D:2      | Noticed Natasha
  1247 | D:2      | Killed Natasha
  1247 | D:2      | Reached ** piety under Trog
  1455 | D:2      | Noticed Natasha
  1463 | D:2      | Killed Natasha
  1463 | D:2      | Reached XP level 5. HP: 33/33 MP: 5/5
  1550 | D:2      | Noticed Natasha
  1581 | D:2      | Killed Natasha
  1679 | D:2      | Reached skill level 1 in Stealth
  2676 | D:3      | Reached XP level 6. HP: 38/39 MP: 6/6
  2800 | D:3      | Reached *** piety under Trog
  2952 | D:3      | Reached skill level 5 in Axes
  3106 | D:3      | Found a runed door.
  3592 | D:3      | Noticed Crazy Yiuf
  3599 | D:3      | Killed Crazy Yiuf
  3727 | D:4      | Found a staircase to the Ecumenical Temple.
  3935 | D:4      | Found Zysk's Jewellery Shop.
  3947 | D:4      | Reached XP level 7. HP: 34/44 MP: 7/7
  3954 | D:4      | Noticed richr's ghost (novice GnAK)
  3973 | D:4      | Killed richr's ghost
  3973 | D:4      | Reached skill level 5 in Fighting
  3973 | D:4      | Reached skill level 3 in Staves
  4257 | D:4      | Reached XP level 8. HP: 44/49 MP: 8/8
  4550 | D:5      | Entered Level 5 of the Dungeon
  4619 | D:5      | Reached skill level 4 in Staves
  5092 | D:5      | Reached skill level 5 in Staves
  5228 | D:5      | Found a radiant altar of Vehumet.
  5266 | D:5      | Noticed Pikel
  5285 | D:5      | Killed Pikel
  5285 | D:5      | Reached skill level 6 in Staves
  5512 | D:6      | Reached XP level 9. HP: 28/55 MP: 9/9
  5665 | D:6      | Found a sand-covered staircase.
  5681 | Ossuary  | Entered an ossuary
  5693 | Ossuary  | Reached **** piety under Trog
  6088 | D:6      | Noticed Sigmund
  6100 | D:6      | Killed Sigmund
  6100 | D:6      | Reached skill level 7 in Staves
  6115 | D:6      | HP: 1/55 [something (3)]
  6115 | D:6      | Splashed by a jelly's acid

Skill      XL: |  1  2  3  4  5  6  7  8  9 |
---------------+----------------------------+-----
Axes           | 3 4 5 |  5.6
Fighting       | 4 5 6 |  6.2
Dodging        | 2 3 4 |  4.3
Stealth        | 1 2 3 |  3.2
Staves         | 3 6 7 |  7.2
Armour         | |  2.4

Action                   |  1- 3 |  4- 6 |  7- 9 || total
-------------------------+-------+-------+-------++-------
Melee: Hand axe          |    98 |   243 |       ||   341
       Quarterstaff      |       |    40 |   179 ||   219
Invok: Berserk           |     2 |     4 |     3 ||     9
  Use: Scroll            |       |    13 |     5 ||    18
 Stab: Sleeping          |     1 |     2 |     2 ||     5
  Eat: Chunk             |     2 |    13 |     5 ||    20
       Ration            |       |       |     1 ||     1
Armor: Animal skin       |    46 |   147 |    89 ||   282
Dodge: Dodged            |    62 |   220 |   165 ||   447
